 Dungeon Sprint DCSS version 0.30-a0-54-g2e61a25929 (webtiles) character file.

Game seed: 14339101666865953889

326 Ankalagon the Martial Artist (level 6, -20/52 HPs)
             Began as a Demonspawn Monk on Sept 8, 2022.
             Was a Follower of Qazlal.
             Shot with a bolt by a yaktaur (27 damage)
             ... in the Dungeon (Sprint II: "The Violet Keep of Menkaure").
             The game lasted 00:01:58 (546 turns).

Ankalagon the Martial Artist (Demonspawn Monk)       Turns: 546, Time: 00:01:58

Health: -20/52     AC:  4    Str: 12    XL:     6   Next: 24%
Magic:  4/6        EV: 15    Int: 11    God:    Qazlal [*.....]
Gold:   243        SH:  2    Dex: 17    Spells: 5/5 levels left

rFire   . . .      SeeInvis .      - Unarmed
rCold   . . .      Faith    .    (no shield)
rNeg    . . .      Spirit   .    a - +0 robe
rPois   .          Reflect  .    (no helmet)
rElec   .          Harm     .    (no cloak)
rCorr   .          Rampage  .    (no gloves)
Will    .....      NoTele   +    (no boots)
Stlth   +.........               (no amulet)
HPRegen 0.17/turn                (no ring)
MPRegen 0.10/turn                (no ring)

@: hasted, quick
A: molten scales 1, spiny 2
a: Renounce Religion


You were in the Dungeon.
You worshipped Qazlal.
Qazlal was aware of your devotion.
You visited 1 branch You collected 243 gold pieces.

Inventory:

Armour
 a - a +0 robe (worn)
Potions
 b - a potion of ambrosia
 c - a potion of curing
 d - a potion of heal wounds
 f - 2 potions of magic


   Skills:
 + Level 6.0 Fighting
 + Level 5.5 Dodging
 - Level 1.7 Stealth
 + Level 10.4 Unarmed Combat
 + Level 0.0 Invocations


You had 5 spell levels left.
You didn't know any spells.
Your spell library was empty.

Dungeon Overview and Level Annotations

Branches:
Dungeon (1/1)

Altars:
Cheibriados
Dithmenos
Fedhas
Gozag
Hepliaklqana
Kikubaaqudgha
Makhleb
Nemelex Xobeh
Okawaru
Qazlal
Ru
Sif Muna
Trog
Uskayaw
Vehumet
Wu Jian
Xom
Yredelemnul
Jiyva
Lugonu

Annotations:
D Roxanne


Innate Abilities, Weirdness & Mutations

You are partially covered in molten scales. (AC +2)
You are mostly covered in sharp spines.


Message History

You hit the polar bear.
The polar bear is heavily wounded.
The polar bear bites you! The polar bear barely misses you.
The polar bear closely misses you.
You barely miss the polar bear.
The polar bear is heavily wounded.
The polar bear bites you but does no damage.
The polar bear claws you. x2
There is an opulent altar of Gozag here.
You hit the polar bear.
The polar bear is severely wounded.
You hit the polar bear but do no damage.
The polar bear is severely wounded.
The polar bear barely misses you.
The polar bear claws you but does no damage. x2
The polar bear bites you. The polar bear misses you.
The polar bear barely misses you.
Found a stone.
Found a chain mail.
The water moccasin hisses angrily.
You punch the polar bear!
The polar bear is severely wounded.
The polar bear is struck by your spines.
The polar bear completely misses you.
The polar bear claws you but does no damage.
The polar bear barely misses you. The polar bear bites you!
* * * LOW HITPOINT WARNING * * *
The polar bear claws you.
* * * LOW HITPOINT WARNING * * *
The polar bear closely misses you.
The polar bear goes berserk!
Blink to where?
Press: ? - help, Dir - move target, p - polar bear
As you read the scroll of blinking, it crumbles to dust.
You enter the shallow water.
Moving in this stuff is going to be slow.
The yaktaur wields a +0 arbalest.
The yaktaur shoots a bolt.
The bolt hits you!!
Ouch! That really hurt!
You die...

.#### ^### ...# ...# ###..##
#..# .# #+###.##..# +..# .# [$
##.##...#..# #..# .#▓$)=(
+.<.'##.'..### ..##.#▓[:?![
##.##...#....###^§.##▓▓▓▓▓▓▓
#+###.##...÷..~@~~~~c~~~~~~ .$.
###~~.....~#'########+###
..#m.#~~§~~~~..~#_._._...#§~~##
#.
.##~~~~~~~~.~#._._._._#~§≈§##
##
##~~~≈≈≈~~~~~#_h_h_._.#~~~~§#
~~~~§~§≈≈≈§§§#._hy._._#~~§≈§≈
+++#~§§§§§§≈~#..°._._.#§~§~§≈
##§§§###§§#..._.°._#§~~§≈ ##≈≈
#§≈#...._§_.#S§§§§


You could see 3 polar bears, a yaktaur and a hornet.

Vanquished Creatures
  Menkaure (D)
  A water moccasin (D)
  4 necrophages (D)
6 creatures vanquished.

Notes
Turn   | Place    | Note
-------+----------+-------------------------------------------
     0 | D        | Ankalagon the Demonspawn Monk began the quest for the Orb.
     0 | D        | Reached XP level 1. HP: 18/18 MP: 1/1
     1 | D        | Noticed a merfolk siren
     4 | D        | Noticed a necrophage
     4 | D        | Noticed a necrophage
     4 | D        | Noticed a necrophage
     4 | D        | Noticed a necrophage
    12 | D        | Killed a necrophage
    13 | D        | Reached skill level 7 in Unarmed Combat
    13 | D        | Gained mutation: You are partially covered in sharp spines.
                  | [demonic ancestry]
    13 | D        | Reached XP level 2. HP: 24/24 MP: 2/2
    13 | D        | Reached XP level 3. HP: 29/29 MP: 3/3
    16 | D        | Killed a necrophage
    17 | D        | Reached skill level 9 in Unarmed Combat
    17 | D        | Gained mutation: You are partially covered in molten
                  | scales. (AC +2) [demonic ancestry]
    17 | D        | Reached XP level 4. HP: 35/35 MP: 4/4
    21 | D        | Killed a necrophage
    22 | D        | Reached XP level 5. HP: 42/42 MP: 5/5
    26 | D        | Reached skill level 5 in Fighting
    26 | D        | Reached skill level 10 in Unarmed Combat
    43 | D        | Noticed Menkaure
    51 | D        | Killed Menkaure
    52 | D        | Reached skill level 5 in Dodging
    52 | D        | Gained mutation: You are mostly covered in sharp spines.
                  | [demonic ancestry]
    52 | D        | Reached XP level 6. HP: 28/51 MP: 6/6
   189 | D        | Noticed a water moccasin
   190 | D        | Found an iron altar of Okawaru.
   190 | D        | Found an opulent altar of Gozag.
   191 | D        | Found a sparkling altar of Nemelex Xobeh.
   191 | D        | Found a blossoming altar of Fedhas.
   192 | D        | Found a radiant altar of Vehumet.
   192 | D        | Found a burning altar of Makhleb.
   193 | D        | Found a hide-covered altar of Uskayaw.
   193 | D        | Found a corrupted altar of Lugonu.
   193 | D        | Found a shadowy altar of Dithmenos.
   194 | D        | Killed a water moccasin
   451 | D        | Found a bloodstained altar of Trog.
   451 | D        | Found an ancient bone altar of Kikubaaqudgha.
   451 | D        | Found a snail-covered altar of Cheibriados.
   452 | D        | Found a basalt altar of Yredelemnul.
   452 | D        | Found a shimmering blue altar of Sif Muna.
   452 | D        | Found a viscous altar of Jiyva.
   453 | D        | Found a shimmering altar of Xom.
   453 | D        | Found a sacrificial altar of Ru.
   455 | D        | Found an ornate altar of the Wu Jian Council.
   455 | D        | Found a stormy altar of Qazlal.
   455 | D        | Found a hazy altar of Hepliaklqana.
   455 | D        | Noticed a hornet
   455 | D        | Noticed a polar bear
   455 | D        | Noticed a polar bear
   455 | D        | Noticed a polar bear
   456 | D        | Noticed a yaktaur
   462 | D        | Noticed a water moccasin
   463 | D        | Noticed a water moccasin
   466 | D        | Noticed a flying skull
   467 | D        | Became a worshipper of Qazlal Stormbringer
   467 | D        | Reached * piety under Qazlal
   467 | D        | Reached ** piety under Qazlal
   468 | D        | Noticed a flying skull
   474 | D        | Noticed Roxanne
   546 | D        | Shot with a bolt by a yaktaur

Illustrated notes

Levels and vault maps discovered:
D:        the_violet_keep_of_menkaure [sprint2_stairs_cluster_1,
          sprint2_shoproom, sprint2_temple, sprint2_basic_supplies,
          sprint2_obstacle_5, sprint2_obstacle_6, sprint2_obstacle_1,
          sprint2_obstacle_2, sprint2_obstacle_3, sprint2_timed_cluster_1,
          sprint2_smallroom_cluster_1, sprint2_smallroom_final_cluster_1,
          sprint2_transparent_cluster_1, sprint2_second_timed_cluster_1,
          sprint2_sniper_area_1, sprint2_heavy_combat_area_1,
          sprint2_mutation_trap_area_1, sprint2_forest_area_1,
          sprint2_light_combat_area_1, sprint2_behind_water_1,
          sprint2_near_end_vault_1]

Skill      XL: |  1  2  3  4  5  6 |
---------------+-------------------+-----
Unarmed Combat | 7 9 10 | 10.4
Fighting       | 4 5 6 |  6.0
Dodging        | 3 5 |  5.5
Stealth        | |  1.7

Action                   |  1- 3 |  4- 6 || total
-------------------------+-------+-------++-------
Melee: Unarmed           |     9 |    26 ||    35
       Punch             |       |     1 ||     1
Invok: Upheaval          |       |     1 ||     1
  Use: Potion            |     1 |     1 ||     2
       Scroll            |       |     1 ||     1
Armor: Robe              |       |     6 ||     6
Dodge: Dodged            |     2 |    15 ||    17

Table legend: (Time is in decaauts)
 A = Elapsed time spent in this place.
 B = Non-inter-level travel time spent in this place.
 C = Inter-level travel time spent in this place.
 D = Time resting spent in this place.
 E = Time spent auto-exploring this place.
 F = Levels seen in this place.
 G = Mean time per level.
                   A        B        C        D        E       F      G
               +--------+--------+--------+--------+--------+-----+--------+
         Total |    534 |    534 |      0 |    388 |      0 |   1 |  534.0 |
       Dungeon |    534 |    534 |      0 |    388 |      0 |   1 |  534.0 |
               +--------+--------+--------+--------+--------+-----+--------+

Top non-repeatable levels by time:
       D: 534 daAuts
